 Dungeon Crawl Stone Soup version 0.30.1-3-gfc49f6343a (webtiles) character file.

Game seed: 4557124212717094541

174 wingedge the Vexing (level 5, -3/46 HPs)
             Began as a Demigod Wanderer on July 24, 2023.
             Slain by Natasha (7 damage)
             ... on level 3 of the Dungeon.
             The game lasted 00:19:31 (3026 turns).

wingedge the Vexing (Demigod Wanderer)              Turns: 3026, Time: 00:19:32

Health: -3/46      AC:  2    Str: 12    XL:     5   Next: 7%
Magic:  9/9        EV: 12    Int: 17    God:
Gold:   103        SH:  0    Dex: 15    Spells: 5/6 levels left

rFire   + . .        a - +0 falchion
rCold   + . .        (no shield)
rNeg    . . .        n - +0 robe {rC+ rF+}
rPois   .            (no helmet)
rElec   .            (no cloak)
rCorr   .            (no gloves)
SInv    .            (no boots)
Will    .....        (no amulet)
Stlth   +            d - ring of wizardry
HPRegen 0.27/turn    (no ring)
MPRegen 0.11/turn

%: wizardry (x1)
@: slowed, very slow
A: high MP 1, forlorn, divine attributes
a: no special abilities


You were on level 3 of the Dungeon.
You visited 1 branch of the dungeon, and saw 3 of its levels.

You collected 103 gold pieces.

Inventory:

Hand Weapons
 a - a +0 falchion (weapon)
 m - a +0 sling
Armour
 n - a +0 robe of resistance (worn)
Magical Staves
 l - a staff of earth
Jewellery
 d - a ring of wizardry (left hand)
Scrolls
 e - a scroll of poison
 g - a scroll of fear {unknown}
 h - a scroll of enchant weapon {unknown}
 k - 2 scrolls of enchant armour {unknown}
Potions
 f - a potion of heal wounds {unknown}
 i - 2 potions of resistance {unknown}
 j - 2 potions of flight {unknown}


   Skills:
 - Level 4.0 Fighting
 - Level 2.0 Long Blades
 + Level 1.6 Dodging
 - Level 1.0 Spellcasting
 - Level 4.5 Hexes
 - Level 2.0 Evocations


You had 5 spell levels left.
You knew the following spells:

 Your Spells              Type           Power      Damage    Failure   Level
a - Slow                  Hex            64%        N/A       1%          1

Your spell library contained the following spells:

 Spells                   Type           Power      Damage    Failure   Level
 Inner Flame              Hex/Fire       8%         N/A       11%         3
 Anguish                  Hex/Necr       4%         N/A       32%         4


Dungeon Overview and Level Annotations

Branches:
Dungeon (3/15)

Shops:
D:2 =

Annotations:
D:3 Natasha


Innate Abilities, Weirdness & Mutations

You have an increased reservoir of magic. (+10% MP)
You shall have no god before yourself.
Your divine heritage dramatically boosts your attributes as you level up.


Message History

Aim: Natasha, carrying a wand of polymorph (5) (wandering, hasn't noticed you, chance to affect: 50%) Natasha hisses angrily.
Natasha seems to slow down.
Natasha zaps a wand.
You resist with some effort.
Natasha wildly gestures.
You feel disoriented.
Natasha drinks a potion.
Natasha flickers and vanishes!
Deactivating autopickup; reactivate with Ctrl-A.
You hear some strange, mumbled words.
You feel yourself slow down.
You miss something. Something claws you.
You closely miss something.
You hear some strange, mumbled words.
You hear a zap.
Something tries to affect you, but you resist.
You hit something.
The cerulean imp hits you from afar with a +1 spear.
Something claws you.
You closely miss something.
The cerulean imp hits you from afar with a +1 spear.
Something claws you.
The cerulean imp hits you from afar with a +1 spear.
You closely miss something.
The cerulean imp hits you from afar with a +1 spear.
You hear some strange, mumbled words.
A magic dart appears from out of thin air!
The magic dart hits you.
The cerulean imp hits you from afar with a +1 spear.
* * * LOW HITPOINT WARNING * * *
Something claws you.
* * * LOW HITPOINT WARNING * * *
Okay, then.
You feel better. The cerulean imp barely misses you. Something claws you!
* * * LOW HITPOINT WARNING * * *
Aiming: Throw Flame
Press: ? - help, Shift-Dir - straight line, f - cerulean imp
Aim: a cerulean imp, wielding a +1 spear (summoned, 57% to hit)
The now-empty wand crumbles to dust.
The cerulean imp barely misses you.
The cerulean imp hits you from afar with a +1 spear.
* * * LOW HITPOINT WARNING * * *
Something claws you!
You die...

#... ######.# #......#
#......# .
#.######..<...########...
.............†...>.......
#.######.....####..######
#.....# #........
#....@####.#######
#....{##..........
#...5.##).........
#.....##..........
######.....##.........?
#.......#####..........
#.......# ###.####### ..
#.......# #.#
#...###.......# .#


You could see a cerulean imp (summoned).

Vanquished Creatures
  Jessica (D:2)
  Natasha (twice) (D:3)
  An adder (D:2)
  A gnoll (D:1)
  2 worms (D:2)
  4 dart slugs
  7 endoplasms
  A giant cockroach (D:1)
  9 goblins
  4 hobgoblins
  4 jackals (D:2)
  6 kobolds
  2 quokkas (D:1)
  5 ball pythons
  A bat (D:1)
  7 frilled lizards
  4 rats
61 creatures vanquished.

Notes
Turn   | Place    | Note
-------+----------+-------------------------------------------
     0 | D:1      | wingedge the Demigod Wanderer began the quest for the Orb.
     0 | D:1      | wingedge set off with the following items: a +0 falchion, a
                  | wand of flame (6), a potion of curing, a +0 robe; and the
                  | following spell memorised: Slow; and the following spells
                  | available to memorise: Inner Flame, Anguish.
     0 | D:1      | Reached XP level 1. HP: 14/14 MP: 4/4
   182 | D:1      | Reached skill level 1 in Fighting
   206 | D:1      | Reached XP level 2. HP: 23/23 MP: 5/5
   696 | D:1      | Reached XP level 3. HP: 29/29 MP: 4/6
  1453 | D:2      | Found Dacostra's Jewellery Boutique.
  1453 | D:2      | Noticed Jessica
  1469 | D:2      | Killed Jessica
  1470 | D:2      | Reached XP level 4. HP: 36/38 MP: 5/8
  2652 | D:3      | Reached skill level 1 in Dodging
  2654 | D:3      | Noticed Natasha
  2666 | D:3      | Killed Natasha
  2689 | D:3      | Noticed Natasha
  2708 | D:3      | HP: 2/40 [cerulean imp/+0 spear[Natasha] (3)]
  2709 | D:3      | Killed Natasha
  2710 | D:3      | Reached XP level 5. HP: 3/46 MP: 9/9
  2906 | D:3      | Noticed Natasha
  3026 | D:3      | Slain by Natasha

Illustrated notes

Levels and vault maps discovered:
D:1:      lightli_arrival_quake, layout_rooms,
          shapermc_ecumenical_altar_mp_ritualfount, hangedman_decor_growths,
          minmay_tromino_i4
D:2:      layout_loops_corners, serial_shops, nicolae_shop_crystal,
          kennysheep_cluttered_room, uniq_jessica
D:3:      layout_basic, mainiacjoe_overflow_catwalk, uniq_natasha

Skill      XL: |  1  2  3  4 |
---------------+-------------+-----
Long Blades    | 2 |  2.0
Evocations     | 2 |  2.0
Fighting       | 1 2 3 4 |  4.0
Dodging        | 1 |  1.6
Spellcasting   | |  1.0
Hexes          | |  4.5

Action                     |  1- 3 |  4- 6 || total
---------------------------+-------+-------++-------
  Melee: Falchion          |   102 |   102 ||   204
         Punch             |     1 |     1 ||     2
   Cast: Slow              |    28 |    22 ||    50
  Evoke: Wand              |     1 |     5 ||     6
    Use: Scroll            |     2 |       ||     2
         Potion            |       |     2 ||     2
 Armour: Robe              |    17 |    11 ||    28
         Leather armour    |     4 |       ||     4
  Dodge: Dodged            |    48 |    61 ||   109
